 Dungeon Crawl Stone Soup version 0.28-a0-662-g1651b1f1e0 (webtiles) character file.

Game seed: 13725789416397531858

303 Sabo the Covered (level 6, -11/43 HPs)
             Began as a Formicid Fighter on Oct 14, 2021.
             Was a Priest of Hepliaklqana.
             Mangled by a gnoll (13 damage)
             ... on level 4 of the Dungeon.
             The game lasted 00:15:47 (3835 turns).

Sabo the Covered (Formicid Fighter)                 Turns: 3835, Time: 00:15:48

Health: -11/43     AC:  7    Str: 22    XL:     6   Next: 66%
Magic:  6/6        EV: 10    Int:  7    God:    Hepliaklqana [***...]
Gold:   87         SH:  4    Dex: 11    Spells: 5/5 levels left

rFire   . . .      SeeInvis +   a - +1 long sword
rCold   . . .      Faith    .   c - +0 buckler
rNeg    . . .      Spirit   .   b - +0 scale mail
rPois   .          Reflect  .   (helmet unavailable)
rElec   .          Harm     .   (no cloak)
rCorr   .          Rampage  .   (no gloves)
Will    .....                   (no boots)
Stlth   ..........              (no amulet)
HPRegen 0.14/turn               (no ring)
MPRegen 0.10/turn               (no ring)

@: no status effects
A: reduced essence, permanent stasis, dig shafts and tunnels, antennae 3, four
strong arms
a: Dig, Shaft Self, Renounce Religion, Recall Ancestor, Ancestor Identity,
Transference


You were on level 4 of the Dungeon.
You worshipped Hepliaklqana.
Hepliaklqana was most pleased with you.
You visited 1 branch of the dungeon, and saw 4 of its levels.

You collected 87 gold pieces.

Inventory:

Hand Weapons
 a - a +1 long sword (weapon)
 g - a +1 dagger of venom
 h - a +2 dagger of freezing
 j - a +3 dagger of electrocution
 l - a +0 hunting sling
 p - a +0 shortbow
Missiles
 e - 30 bolts
 k - 80 arrows
Armour
 b - a +0 scale mail (worn)
 c - a +0 buckler (worn)
Wands
 i - a wand of mindburst (14)
Scrolls
 f - a scroll of enchant weapon
 m - a scroll of identify
 n - a scroll of enchant armour
Potions
 d - a potion of mutation {unknown}
 o - a potion of brilliance {unknown}
 q - a potion of ambrosia {unknown}


   Skills:
 + Level 4.0 Fighting
 + Level 4.3 Long Blades
 + Level 5.0 Armour
 + Level 1.0 Dodging
 + Level 1.2 Stealth
 + Level 4.2 Shields


You had 5 spell levels left.
You didn't know any spells.
Your spell library contained the following spells:

 Spells                   Type           Power      Damage    Failure   Level
 Animate Skeleton         Necr           0%         N/A       75%         1
 Apportation              Tloc           0%         N/A       75%         1
 Summon Small Mammal      Summ           0%         N/A       75%         1


Dungeon Overview and Level Annotations

Branches:
Dungeon (4/15)
 Temple: D:4-7

Altars:
Hepliaklqana


Innate Abilities, Weirdness & Mutations

Your life essence is reduced to manifest your ancestor. (-10% HP)
You cannot be hasted, slowed, berserked, paralysed or teleported.
You can dig through walls and to a lower floor.
You have a pair of large antennae on your head. (SInv)
Your four strong arms can wield two-handed weapons with a shield.


Message History

The gnoll is almost dead.
A gnoll comes into view. It is wielding a +0 halberd.
You block the gnoll's attack.
The gnoll hits you from afar with a +0 halberd.
You hit the gnoll.
You kill the gnoll!
Qinisela casts a spell at the gnoll.
The puff of frost hits the gnoll.
The gnoll hits you from afar with a +0 halberd!
Qinisela casts a spell at the gnoll.
The puff of frost hits the gnoll.
The gnoll hits you with a +0 flail.
Your Stealth skill increases to level 1!
You barely miss the gnoll.
The gnoll is severely wounded.
The gnoll hits you from afar with a +0 halberd!
The gnoll barely misses you.
You barely miss the gnoll.
The gnoll is severely wounded.
The gnoll closely misses you. The gnoll hits you with a +0 flail!
* * * LOW HITPOINT WARNING * * *
You hit the gnoll.
The gnoll is almost dead.
The gnoll misses you. The gnoll hits you but does no damage.
You hit the gnoll.
You kill the gnoll!
You block the gnoll's attack.
Your Armour skill increases to level 5!
You block the gnoll's attack.
Things that are here:
a +0 flail; a +0 halberd The gnoll hits you with a +0 halberd!
* * * LOW HITPOINT WARNING * * *
Qinisela casts a spell at the gnoll.
The stone arrow hits the gnoll.
You hit the gnoll.
The gnoll is almost dead.
The gnoll closely misses you.
Qinisela gestures at the gnoll while chanting.
The stone arrow misses the gnoll.
The gnoll hits you with a +0 halberd!
You die...

# ##....>## #..######.#
##.......## #....)....#
##.........####.<.#######
.'.........+.......#
##.........####...##
##..........###.##
##.....#.#.# #.#
............#R#####
..≈≈≈≈≈......)@g...#
.≈≈≈≈≈≈≈≈≈....#.#.#.#
≈≈≈≈≈≈≈≈≈≈≈≈≈..#.#.#
≈≈≈≈≈ ... . ≈≈≈≈≈ ... ##
≈≈≈≈ .#.## ≈≈≈≈ .#.#
....#


You could see the friendly Qinisela the battlemage and a gnoll (ally target).

Vanquished Creatures
  A jelly (D:3)
  Terence (D:2)
  A hound skeleton (D:4)
  2 adders
  2 gnolls (D:4)
  An adder skeleton (D:4)
  2 dart slugs
  An endoplasm (D:2)
  A giant cockroach (D:3)
  5 goblins
  3 hobgoblins
  4 jackals (D:1)
  6 kobolds
  3 quokkas
  4 ball pythons
  3 bats
  3 frilled lizards
  7 rats
50 creatures vanquished.

Vanquished Creatures (collateral kills)
  A centaur (D:3)
  A gnoll (D:4)
  3 adders
  A worm (D:3)
  A dart slug (D:3)
  2 endoplasms
  5 goblins
  4 hobgoblins
  A kobold (D:1)
  A quokka (D:3)
  A bat (D:2)
  3 frilled lizards
  A rat (D:1)
25 creatures vanquished.

Vanquished Creatures (others)
  7 plants (D:1)
7 creatures vanquished.

Grand Total: 82 creatures vanquished

Notes
Turn   | Place    | Note
-------+----------+-------------------------------------------
     0 | D:1      | Sabo the Formicid Fighter began the quest for the Orb.
     0 | D:1      | Reached XP level 1. HP: 18/18 MP: 1/1
   184 | D:1      | Reached XP level 2. HP: 23/24 MP: 2/2
   278 | D:1      | Found a faded altar of an unknown god.
   501 | D:1      | Prayed at the altar of an unknown god.
   501 | D:1      | Became a worshipper of Hepliaklqana the Forgotten
   501 | D:1      | Reached * piety under Hepliaklqana
   632 | D:1      | Reached XP level 3. HP: 19/26 MP: 3/3
   806 | D:1      | You fall into a shaft and drop 1 floor!
  1694 | D:2      | Noticed Terence
  1702 | D:2      | Reached XP level 4. HP: 33/33 MP: 4/4
  1707 | D:2      | Killed Terence
  1708 | D:2      | Reached skill level 4 in Armour
  2016 | D:2      | Reached ** piety under Hepliaklqana
  2017 | D:2      | Remembered your ancestor Qinisela as a battlemage
  2358 | D:2      | Reached XP level 5. HP: 37/37 MP: 5/5
  3024 | D:3      | Noticed a centaur
  3033 | D:3      | Killed a centaur
  3034 | D:3      | Reached skill level 1 in Dodging
  3034 | D:3      | Reached XP level 6. HP: 26/43 MP: 6/6
  3727 | D:4      | Reached *** piety under Hepliaklqana
  3829 | D:4      | Reached skill level 1 in Stealth
  3833 | D:4      | Reached skill level 5 in Armour
  3834 | D:4      | HP: 2/43 [gnoll (10)]
  3835 | D:4      | Mangled by a gnoll

Illustrated notes

Levels and vault maps discovered:
D:1:      heliophobic_arrival_enchanted_forest, layout_basic,
          basic_ecumenical_altar, serial_bayou_lake_a
D:2:      layout_basic, uniq_terence
D:3:      layout_basic
D:4:      layout_loops_corners, temple_pool_b

Skill      XL: |  1  2  3  4  5  6 |
---------------+-------------------+-----
Shields        | 4 |  4.2
Armour         | 4 5 |  5.0
Long Blades    | 3 4 |  4.3
Fighting       | 4 |  4.0
Dodging        | 1 |  1.0
Stealth        | 1 |  1.2

Action                   |  1- 3 |  4- 6 || total
-------------------------+-------+-------++-------
Melee: Long sword        |    96 |    77 ||   173
Invok: Ancestor Life: Ba |       |     1 ||     1
       Ancestor Identity |       |     1 ||     1
 Abil: Dig               |     3 |     4 ||     7
  Use: Scroll            |     1 |     2 ||     3
       Potion            |       |     1 ||     1
Armor: Scale mail        |    81 |    37 ||   118
Dodge: Dodged            |    35 |    56 ||    91
Block: Buckler           |    22 |    24 ||    46

Table legend: (Time is in decaauts)
 A = Elapsed time spent in this place.
 B = Non-inter-level travel time spent in this place.
 C = Inter-level travel time spent in this place.
 D = Time resting spent in this place.
 E = Time spent auto-exploring this place.
 F = Levels seen in this place.
 G = Mean time per level.
                   A        B        C        D        E       F      G
               +--------+--------+--------+--------+--------+-----+--------+
         Total |   3948 |   3948 |      0 |   1122 |      0 |   4 |  987.0 |
       Dungeon |   3948 |   3948 |      0 |   1122 |      0 |   4 |  987.0 |
               +--------+--------+--------+--------+--------+-----+--------+

Top non-repeatable levels by time:
     D:1: 1755 daAuts
     D:3: 1025 daAuts
     D:2: 929 daAuts
     D:4: 238 daAuts
